 Dungeon Crawl Stone Soup version 0.29.1-15-g9cfb28693d (webtiles) character file.

Game seed: 7229184995369501610

96054 Peloso the Peltast (level 15, -2/137 (141) HPs)
             Began as a Minotaur Fighter on Mar 15, 2023.
             Was a High Priest of Okawaru.
             Killed from afar by a starcursed mass (11 damage)
             ... with an accursed screaming
             ... summoned by a shadow demon
             ... summoned by a dread lich
             ... on level 3 of the Abyss.
             The game lasted 01:16:06 (37009 turns).

Peloso the Peltast (Minotaur Fighter)              Turns: 37009, Time: 01:16:07

HP:   -2/137 (141)  AC: 35    Str: 27    XL:     15   Next: 68%
MP:   16/16         EV:  9    Int:  5    God:    Okawaru [*****.]
Gold: 2486          SH: 19    Dex: 15    Spells: 14/14 levels left

rFire   . . .      SeeInvis .   a - +7 long sword of True Grit {vorpal, rN+ Will+ Str+3}
rCold   + . .      Faith    .   d - +0 kite shield
rNeg    + . .      Spirit   .   o - +4 plate armour
rPois   +          Reflect  +   (helmet restricted)
rElec   .          Harm     .   B - +2 cloak
rCorr   .          Rampage  .   E - +0 pair of gloves of Youthful Indiscretion {rPois rC+}
Will    +++..                   e - +2 pair of boots {Fly}
Stlth   ..........              f - amulet "Kudd" {Reflect *Corrode +Blink Dex+3 SH+5}
HPRegen 0.32/turn               g - +4 ring of protection
MPRegen 0.15/turn               t - ring of willpower

@: flying, wreathed by umbra, lightly drained
A: horns 2, retaliatory headbutt, weak 1
a: Renounce Religion, Evoke Blink, Heroism, Finesse, Duel


You were on level 3 of the Abyss.
You worshipped Okawaru.
Okawaru was extremely pleased with you.
You visited 4 branches of the dungeon, and saw 23 of its levels.
You visited the Abyss 1 time.
You also visited: Bailey.

You collected 2669 gold pieces.
You spent 183 gold pieces at shops.

Inventory:

Hand Weapons
 a - the +7 long sword of True Grit (weapon) {vorpal, rN+ Will+ Str+3}
   (You acquired it in a bailey)

   It inflicts extra damage upon your enemies.
   Str:       It affects your strength (+3).
   rN:        It protects you from negative energy.
   Will:      It increases your willpower.
 b - a +3 scimitar of flaming
 c - the +1 double sword "Xuzall" {vorpal, Int+4 SInv Stlth+}
   (Okawaru gifted it to you on level 3 of the Lair of Beasts)

   It inflicts extra damage upon your enemies.
   Int:       It affects your intelligence (+4).
   SInv:      It lets you see invisible.
   Stlth:     It makes you more stealthy.
Armour
 d - a +0 kite shield (worn)
 e - a +2 pair of boots of flying (worn)
 o - a +4 plate armour (worn)
 B - a +2 cloak (worn)
 E - the +0 pair of gloves of Youthful Indiscretion (worn) {rPois rC+}
   (You acquired it in a bailey)

   rC:        It protects you from cold.
   rPois:     It protects you from poison.
Jewellery
 f - the amulet "Kudd" (around neck) {Reflect *Corrode +Blink Dex+3 SH+5}
   (You acquired it in a bailey)

   [amulet of reflection]

   It reflects blocked missile attacks.
   Dex:       It affects your dexterity (+3).
   +Blink:    It lets you blink.
   *Corrode:  It may corrode you when you take damage.
   SH:        It affects your SH (+5).
 g - a +4 ring of protection (left hand)
 t - a ring of willpower (right hand)
 u - a ring of protection from cold
 Q - a ring of fire
Scrolls
 i - 6 scrolls of teleportation
 j - 5 scrolls of fear
 x - 8 scrolls of identify
 G - 3 scrolls of noise
 M - 3 scrolls of magic mapping
 W - a scroll of blinking
Potions
 h - 5 potions of might
 l - a potion of resistance
 n - 4 potions of curing
 r - 3 potions of berserk rage
 A - 4 potions of invisibility
 F - 6 potions of haste
 V - a potion of heal wounds


   Skills:
 + Level 15.6 Fighting
 + Level 17.3 Long Blades
 + Level 17.0 Armour
 + Level 3.8 Dodging
 + Level 2.3 Stealth
 + Level 17.5 Shields
 + Level 3.7 Invocations
 + Level 1.0 Evocations


You had 14 spell levels left.
You didn't know any spells.
Your spell library contained the following spells:

 Spells                   Type           Power      Damage    Failure   Level
 Apportation              Tloc           0%         N/A       99%         1
 Magic Dart               Conj           0%         1d3       99%         1
 Necrotise                Necr           0%         1d4       99%         1
 Sandblast                Erth           0%         2d4       99%         1
 Passwall                 Tmut/Erth      0%         N/A       100%        2
 Poisonous Vapours        Pois/Air       0%         N/A       100%        2
 Searing Ray              Conj           0%         2d4       100%        2
 Mephitic Cloud           Conj/Pois/Air  0%         N/A       100%        3
 Airstrike                Air            0%         2d(0-16)  100%        4
 Corpse Rot               Necr/Pois/Air  0%         N/A       100%        4
 Fulminant Prism          Conj/Hex       0%         3d6       100%        4
 Leda's Liquefaction      Hex/Erth       0%         N/A       100%        4
 Blade Hands              Tmut           0%         N/A       100%        5
 Lee's Rapid Deconstruct  Erth           0%         3d5*      100%        5
 Lightning Bolt           Conj/Air       0%         1d11      100%        5
 Iron Shot                Conj/Erth      0%         9d1       100%        6
 Statue Form              Tmut/Erth      0%         N/A       100%        6
 Orb of Destruction       Conj           0%         9d5       100%        7
 Summon Small Mammal      Summ           Unusable   N/A       N/A         1
 Call Imp                 Summ           Unusable   N/A       N/A         2
 Summon Guardian Golem    Hex/Summ       Unusable   N/A       N/A         3
 Animate Armour           Summ/Erth      Unusable   N/A       N/A         4
 Summon Lightning Spire   Summ/Air       Unusable   N/A       N/A         4
 Spellforged Servitor     Conj/Summ      Unusable   N/A       N/A         7

Dungeon Overview and Level Annotations

Branches:
Dungeon (15/15)            Temple (1/1) D:4            Lair (5/5) D:9
  Swamp (0/4) Lair:3       Spider (0/4) Lair:2        Slime (0/5) Lair:5
    Orc (2/2) D:10            Elf (0/3) Orc:2        Vaults (0/5) D:13
 Depths (0/4) D:15         Bailey (visited)

Altars:
Ashenzari
Dithmenos
Elyvilon
Fedhas
Gozag
Hepliaklqana
Kikubaaqudgha
Makhleb
Okawaru
Ru
Trog
Uskayaw
Vehumet
Wu Jian
Yredelemnul
Zin
The Shining One
Jiyva

Shops:
D:9 *   D:10 *   Orc:1 *   Orc:2 (:((

Annotations:
D:11 Sensen's ghost, journeyman MiBe


Innate Abilities, Weirdness & Mutations

You have a pair of horns on your head.
You reflexively headbutt those who attack you in melee.
You are weak. (Str -2)


Message History

You hear some strange, mumbled words.
Something tries to affect you, but you resist.
Unknown command.
You hit something but do no damage. You headbutt something.
Something touches you but does no damage.
Unknown command.
You closely miss something. Your headbutt misses something.
Something touches you but does no damage.
The bone dragon completely misses you. You furiously retaliate!
You headbutt the bone dragon!
The bone dragon claws you but does no damage.
The bone dragon tramples you but does no damage.
Unknown command.
You hit something but do no damage.
Something touches you but does no damage.
You hear some strange, mumbled words.
Something tries to affect you, but you resist.
Unknown command.
You miss something. You block the bone dragon's attack.
The bone dragon misses you. The bone dragon closely misses you.
Something touches you but does no damage.
Unknown command.
You hit something. Your headbutt misses something.
You block the bone dragon's attack.
The bone dragon claws you but does no damage.
You block the bone dragon's attack.
Something touches you but does no damage.
You slash something! Your headbutt misses something.
You block something's attack.
The bone dragon bites you but does no damage.
The bone dragon claws you but does no damage.
You block the bone dragon's attack.
You hit something but do no damage. Your headbutt misses something.
Something touches you but does no damage.
You miss something.
Something touches you but does no damage.
You block the bone dragon's attack. x2
The bone dragon tramples you but does no damage.
A cacophony of accursed wailing tears at your sanity!
You die...

#. #. ......##
#.# # .... # ..#
... ..Xx. ... #..
#XX# ..# #
♣#..##XX##..
#..##
♣....XXX2h.......
. ♣...XXXA1. X..
.... ≈♣..
#D{##..##..##
#.@## w# #
♣............ .
♣............ .
♣.##..##..##.. .
♣.. #..##..# ..
♣. .... ... ....
... ##..# ##.


You could see a bone dragon, a profane servitor (summoned), 11 starcursed
masses, an Executioner (summoned, fast), a shadow demon (summoned), a raiju
(summoned) and a small abomination (summoned).

Vanquished Creatures
  Roxanne (D:14)
  An orc warlord (Orc:2)
  A stone giant (D:15)
  Josephine (D:11)
  An ice dragon (Lair:5)
  An ogre mage (D:15)
  10 hydras
  2 catoblepae
  4 centaur warriors
  A death knight (D:15)
  2 boulder beetles (D:14)
  Erica (D:10)
  11 two-headed ogres
  2 tengu warriors
  4 orc high priests (Orc:1)
  Nergalle (Orc:1)
  7 skeletal warriors (D:15)
  2 lindwurms (Lair:5)
  6 orc knights
  2 bog bodies (Lair:3)
  A necromancer (D:13)
  4 deep elf pyromancers
  2 orc sorcerers (Orc:1)
  A manticore (D:13)
  6 ugly things (D:15)
  12 elephants
  Joseph (D:7)
  5 cyclopes
  A water nymph (shapeshifter) (D:13)
  A guardian serpent (D:13)
  6 torpor snails (Lair:5)
  Maurice (D:8)
  4 black mambas
  A cane toad (shapeshifter) (D:13)
  10 cane toads
  A gargoyle (D:8)
  Maggie (D:8)
  12 komodo dragons
  An efreet (D:13)
  6 kobold demonologists
  2 rime drakes
  2 tengu conjurers
  A freezing wraith (D:15)
  3 meliai (D:13)
  4 polar bears
  3 tyrant leeches (Lair:5)
  5 trolls
  A hornet (shapeshifter) (D:13)
  13 blink frogs
  6 hornets (Lair:5)
  6 slime creatures
  5 dream sheep (Lair:5)
  A spriggan (Lair:2)
  3 vampires
  2 wyverns
  6 wraiths
  5 humans (D:9)
  39 yaks
  A human (shapeshifter) (D:15)
  7 basilisks
  A basilisk (shapeshifter) (D:13)
  3 steam dragons
  3 redbacks (Lair:2)
  9 wargs
  3 acid dragons
  A naga zombie (Abyss:3)
  14 water moccasins
  41 orc warriors
  2 ice beasts (D:7)
  A sky beast (D:8)
  3 black bears
  29 wolves
  6 ogres
  10 centaurs
  2 phantoms
  5 kobold brigands
  17 bullfrogs
  A gnoll sergeant (D:8)
  3 scorpions
  4 wights (D:9)
  7 killer bees (D:11)
  7 electric eels
  5 howler monkeys
  8 hounds
  2 jellies
  36 orc priests
  Crazy Yiuf (D:7)
  2 gnoll boudas
  Ijyb (D:9)
  35 orc wizards
  4 iguanas
  8 adders
  23 gnolls
  2 white imps (D:5)
  3 ufetubi
  2 worms
  3 dart slugs
  72 orcs
  5 bats
  4 endoplasms
  A giant cockroach (D:1)
  17 goblins
  11 hobgoblins
  3 jackals
  2 quokkas
  4 ball pythons
  5 frilled lizards
  19 kobolds
  5 rats
  A butterfly (Lair:3)
709 creatures vanquished.

Vanquished Creatures (others)
  A caustic shrike zombie (Abyss:3)
  A freezing wraith (Abyss:3)
  A bunyip simulacrum (Abyss:3)
  An iron giant simulacrum (Abyss:3)
  A raiju (Abyss:3)
  A slime creature (Abyss:3)
  A flying skull (Abyss:3)
  34 small abominations (Abyss:3)
  19 large abominations (Abyss:3)
  A harpy simulacrum (Abyss:3)
  3 white imps (Abyss:3)
  A hobgoblin (Bailey)
  20 fungi
  5 lurking horrors (Abyss:3)
  88 plants
  3 starspawn tentacles (Abyss:3)
181 creatures vanquished.

Grand Total: 890 creatures vanquished

Notes
Turn   | Place    | Note
-------+----------+-------------------------------------------
     0 | D:1      | Peloso the Minotaur Fighter began the quest for the Orb.
     0 | D:1      | Reached XP level 1. HP: 19/19 MP: 0/0
   209 | D:1      | Reached XP level 2. HP: 24/26 MP: 1/1
   761 | D:1      | Reached XP level 3. HP: 32/33 MP: 2/2
  1423 | D:2      | Found a faded altar of an unknown god.
  2120 | D:3      | Reached XP level 4. HP: 39/40 MP: 3/3
  2125 | D:3      | Identified the +1 robe of Anwu {Regen+ rCorr}
  2519 | D:4      | Noticed a black bear
  2527 | D:4      | Killed a black bear
  2528 | D:4      | Reached skill level 5 in Armour
  2528 | D:4      | Reached XP level 5. HP: 40/46 MP: 4/4
  2700 | D:4      | Found a glowing golden altar of the Shining One.
  2700 | D:4      | Found a bloodstained altar of Trog.
  2879 | D:4      | Found a staircase to the Ecumenical Temple.
  2889 | Temple   | Entered the Ecumenical Temple
  2914 | Temple   | Became a worshipper of Warmaster Okawaru
  2999 | D:4      | Identified the +1 leather armour of the Archfiend {rC+
                  | Int+3 Dex-3 SInv}
  3163 | D:5      | Entered Level 5 of the Dungeon
  3282 | D:5      | Noticed a centaur
  3294 | D:5      | Killed a centaur
  3295 | D:5      | Reached skill level 5 in Long Blades
  3295 | D:5      | Reached XP level 6. HP: 33/53 MP: 5/5
  4097 | D:5      | Reached XP level 7. HP: 60/60 MP: 6/6
  4108 | D:5      | Reached * piety under Okawaru
  4109 | D:5      | Reached skill level 1 in Dodging
  4137 | D:5      | Reached skill level 5 in Fighting
  4375 | D:5      | Reached skill level 5 in Shields
  4375 | D:5      | Reached XP level 8. HP: 51/68 MP: 5/7
  4517 | D:5      | Found an ornate altar of the Wu Jian Council.
  4782 | D:6      | Reached skill level 1 in Invocations
  5124 | D:6      | Reached ** piety under Okawaru
  5658 | D:6      | Found a glowing silver altar of Zin.
  6095 | D:7      | Noticed Joseph
  6116 | D:7      | Killed Joseph
  6117 | D:7      | Reached XP level 9. HP: 64/75 MP: 7/9
  6477 | D:7      | Found a broken altar of Ashenzari.
  6506 | D:7      | Found a flagged portal.
  6518 | Bailey   | Entered a bailey
  6962 | Bailey   | Reached skill level 10 in Long Blades
  6972 | Bailey   | Noticed a kobold demonologist
  6974 | Bailey   | Noticed a soul eater
  6990 | Bailey   | Killed a kobold demonologist
  6990 | Bailey   | Reached *** piety under Okawaru
  7700 | Bailey   | Found an iron altar of Okawaru.
  7700 | Bailey   | Identified the +1 steam dragon scales of Fagyeb {rPois}
  7701 | Bailey   | Noticed an orc knight
  7732 | Bailey   | Killed an orc knight
  7733 | Bailey   | Reached skill level 1 in Stealth
  7733 | Bailey   | Reached XP level 10. HP: 17/84 MP: 9/11
  8058 | Bailey   | Reached **** piety under Okawaru
  8321 | Bailey   | Acquired the +7 long sword of True Grit {vorpal, rN+ Will+
                  | Str+3}
  8327 | Bailey   | Acquired the +0 pair of gloves of Youthful Indiscretion
                  | {rPois rC+}
  9134 | D:7      | Found a runed translucent door.
  9135 | D:7      | Noticed Crazy Yiuf
  9167 | D:7      | Identified the +6 leather armour of Proximity {*Corrode rC+
                  | Regen+ Str+4}
  9278 | D:7      | Killed Crazy Yiuf
  9365 | D:8      | Found a hide-covered altar of Uskayaw.
  9392 | D:8      | Found a burning altar of Makhleb.
  9458 | D:8      | Reached skill level 1 in Evocations
  9472 | D:8      | Reached skill level 10 in Armour
  9857 | D:8      | Noticed a two-headed ogre
  9863 | D:8      | Noticed a gargoyle
  9865 | D:8      | Killed a two-headed ogre
  9865 | D:8      | Reached ***** piety under Okawaru
  9872 | D:8      | Killed a gargoyle
 10735 | D:8      | Found a radiant altar of Vehumet.
 10768 | D:9      | Noticed Maggie
 10785 | D:8      | Killed Maggie
 10906 | D:9      | Noticed Maurice
 10987 | D:8      | Noticed an orange demon
 11015 | D:8      | Killed Maurice
 11016 | D:8      | Reached XP level 11. HP: 83/94 MP: 12/12
 11249 | D:9      | Noticed Ijyb
 11282 | D:9      | Killed Ijyb
 11516 | D:9      | Noticed a two-headed ogre
 11523 | D:9      | Killed a two-headed ogre
 11523 | D:9      | Identified the +5 trident of Exhibitionism {drain, Will+
                  | Str+4} (Okawaru gifted it to you on level 9 of the Dungeon)
 11523 | D:9      | Received a gift from Okawaru
 11634 | D:9      | Found a staircase to the Lair.
 11995 | D:9      | Found Vikiv's Assorted Antiques.
 12021 | D:9      | Bought a scroll of identify for 62 gold pieces
 12021 | D:9      | Bought a scroll labelled QINGYKKAYRA for 31 gold pieces
 12193 | D:10     | Entered Level 10 of the Dungeon
 12385 | D:10     | Found a staircase to the Orcish Mines.
 12387 | D:10     | Noticed Erica
 12406 | D:10     | Reached skill level 10 in Shields
 12414 | D:10     | Killed Erica
 12564 | D:10     | Reached ****** piety under Okawaru
 12564 | D:10     | Identified the +0 pair of boots "Sezoreap" {Rampage}
                  | (Okawaru gifted it to you on level 10 of the Dungeon)
 12564 | D:10     | Received a gift from Okawaru
 12801 | D:10     | Found Gugg's General Store.
 12806 | D:10     | Bought a scroll of enchant armour for 90 gold pieces
 13126 | D:11     | Found a blossoming altar of Fedhas.
 13165 | D:11     | Noticed a two-headed ogre
 13174 | D:11     | Killed a two-headed ogre
 13350 | D:11     | Reached XP level 12. HP: 105/105 MP: 13/13
 13472 | D:11     | Noticed Josephine
 13478 | D:11     | Found a runed translucent gate.
 13478 | D:11     | Noticed a two-headed ogre
 13479 | D:11     | Noticed Sensen's ghost (journeyman MiBe)
 13482 | D:11     | Killed Josephine
 13485 | D:11     | Noticed a yaktaur captain
 13499 | D:11     | Reached skill level 10 in Fighting
 13507 | D:11     | Found a runed translucent gate.
 13508 | D:11     | Found a runed translucent gate.
 13517 | D:11     | Noticed a four-headed hydra
 13531 | D:11     | Killed a one-headed hydra
 14225 | Lair:1   | Entered Level 1 of the Lair of Beasts
 14682 | Lair:1   | Noticed a five-headed hydra
 14688 | Lair:1   | Killed a one-headed hydra
 14828 | Lair:1   | Noticed a four-headed hydra
 14834 | Lair:1   | Killed a one-headed hydra
 15292 | Lair:2   | Reached skill level 15 in Long Blades
 15308 | Lair:2   | Identified the +0 animal skin of the Keeping Gods {Will+}
                  | (Okawaru gifted it to you on level 2 of the Lair of Beasts)
 15308 | Lair:2   | Received a gift from Okawaru
 15348 | Lair:2   | Reached XP level 13. HP: 30/117 MP: 14/14
 16930 | Lair:2   | Found a hole to the Spider Nest.
 17674 | Lair:3   | Found a staircase to the Swamp.
 18396 | Lair:3   | Identified the +1 double sword "Xuzall" {vorpal, Int+4 SInv
                  | Stlth+} (Okawaru gifted it to you on level 3 of the Lair of
                  | Beasts)
 18396 | Lair:3   | Received a gift from Okawaru
 20221 | Orc:1    | Entered Level 1 of the Orcish Mines
 20222 | Orc:1    | Noticed Nergalle
 20239 | Orc:1    | Killed Nergalle
 20738 | Orc:1    | Found Deshrihae's Overcharged Wands.
 20765 | Orc:1    | Reached skill level 15 in Armour
 21267 | Orc:2    | Entered Level 2 of the Orcish Mines
 21485 | Orc:2    | Noticed an orc warlord
 21505 | Orc:2    | Killed an orc warlord
 21505 | Orc:2    | Received a gift from Okawaru
 21951 | Orc:2    | Found a staircase to the Elven Halls.
 22450 | Orc:2    | Reached XP level 14. HP: 98/129 MP: 15/15
 22595 | Orc:1    | Received a gift from Okawaru
 23231 | Orc:2    | Found Heitwad's Weapon Boutique.
 23231 | Orc:2    | Found Zugg's Book Boutique.
 23232 | Orc:2    | Found Yzxipiypt's Antique Weapon Shop.
 23235 | Orc:2    | Found Ucocs's Antique Weapon Shop.
 24673 | D:13     | Gained mutation: You are weak. (Str -2) [a neqoxec]
 24910 | D:13     | Reached skill level 15 in Shields
 25370 | D:13     | Found a gate to the Vaults.
 26229 | D:14     | Identified the -2 tower shield of Youthful Indiscretion
                  | {rC+} (Okawaru gifted it to you on level 14 of the Dungeon)
 26229 | D:14     | Received a gift from Okawaru
 26816 | D:14     | Found an opulent altar of Gozag.
 26941 | D:14     | Identified Roxanne's Folio of the Lithosphere
 26941 | D:14     | Noticed Roxanne
 26991 | D:14     | Killed Roxanne
 27508 | D:15     | Entered Level 15 of the Dungeon
 27531 | D:15     | HP: 6/133 [two-headed ogre/+0 giant club (22)]
 28926 | D:15     | Reached XP level 15. HP: 45/139 MP: 13/16
 29456 | D:15     | Found a staircase to the Depths.
 29584 | D:14     | HP: 6/139 [orc knight/+0 long sword (15)]
 30269 | D:15     | Reached skill level 15 in Fighting
 30841 | Lair:4   | Identified the +3 long sword "Zugenexo" {drain, rCorr Str-2
                  | Int+3 Stlth+} (Okawaru gifted it to you on level 4 of the
                  | Lair of Beasts)
 30841 | Lair:4   | Received a gift from Okawaru
 31604 | Lair:5   | Entered Level 5 of the Lair of Beasts
 31604 | Lair:5   | Found a viscous altar of Jiyva.
 31605 | Lair:5   | Found a staircase to the Slime Pits.
 32394 | Lair:5   | Found a runed translucent door.
 32765 | Lair:5   | Received a gift from Okawaru
 34088 | Abyss:3  | Cast into level 3 of the Abyss (Sensen's ghost)
 35267 | Abyss:3  | Acquired the amulet "Kudd" {Reflect *Corrode +Blink Dex+3
                  | SH+5}
 36970 | Abyss:3  | Noticed a dread lich
 36970 | Abyss:3  | Noticed a bone dragon
 36979 | Abyss:3  | Noticed an Executioner
 36983 | Abyss:3  | Noticed a profane servitor
 36984 | Abyss:3  | Noticed a tentacled starspawn
 36997 | Abyss:3  | Paralysed by accursed screaming for 2 turns
 37009 | Abyss:3  | Killed from afar by a starcursed mass

Illustrated notes

Levels and vault maps discovered:
D:1:      lemuel_arrival_room, layout_basic, serial_bayou, serial_bayou_ford_a,
          serial_bayou_lagoon_a, serial_bayou_shore_b, serial_bayou_pond_b
D:2:      layout_loops_corners, nicolae_ecumenical_lake_church,
          bh_walls_and_bars
D:3:      layout_rooms
D:4:      layout_loops_ring, nicolae_overflow_two_pavilions,
          minmay_temple_entry_waves, minmay_misc_feat_roman,
          supply_closet_lemuel
D:5:      minmay_chambers_of_threes, layout_loops_cross,
          nzn_wu_jian_council_hall
D:6:      layout_basic, zin_academy
D:7:      layout_basic, mainiacjoe_overflow_paths, enter_bailey_2,
          uniq_crazy_yiuf_cottage, uniq_joseph
D:8:      layout_layer_cave, mainiacjoe_overflow_alcove_4,
          eat_drink_and_be_merry_uskayaw, kennysheep_little_box,
          minmay_fractal_squares_5
D:9:      erik_cavepeople, layout_rooms, erik_lair_orcish_takeover,
          serial_shops, nicolae_shop_waterfront, uniq_maurice, uniq_maggie
D:10:     layout_basic, erik_orc_3, serial_shops, shop, skrybe_limestone_x,
          uniq_erica
D:11:     layout_basic, gammafunk_ghost_split, serial_corexii_hall,
          corexii_hall_statues_i, corexii_hall_statues_x, fedhas_altar_1,
          uniq_josephine
D:12:     layout_gridville, kennysheep_pointless_box
D:13:     layout_roguey, david_vaults_4, nrook_guardian_serpent_ordinary
D:14:     layout_basic, kennysheep_cluttered_room, nicolae_gozag_seed_capital,
          uniq_roxanne
D:15:     grunt_enter_depths_giant_problem, layout_gridville,
          minmay_tree_intersection
Temple:   nicolae_temple_bog_church
Lair:1:   layout_roguey, grunt_megastairs_5
Lair:2:   layout_layer_cave, spider_nest_entry_webs,
          eino_small_chamber_without_monster, grunt_forest_stairs_clearing
Lair:3:   layout_layer_cave, skrybe_swamp_entry_bodies, lemuel_fruit_tree,
          lemuel_fruit_fields
Lair:4:   layout_gridlike, grunt_megastairs_4
Lair:5:   wormcave, layout_gridlike, minmay_slime_entry_pillars
Orc:1:    layout_caves, nicolae_shop_overcharged_wands, uniq_nergalle
Orc:2:    st_orc_mages, layout_caves, mines2_lemuel
Abyss:3:  base: Temple, gammafunk_corrupted_shrine,
          hangedman_abyss_rune_macabre_mess, minivault_19, base:
Temple

Skill      XL: |  1  2  3  4  5  6  7  8  9 10 11 12 13 14 15 |
---------------+----------------------------------------------+-----
Armour         | 4 5 6 7 8 9 11 12 13 15 16 17 | 17.0
Shields        | 4 5 6 7 8 10 12 14 16 17 | 17.5
Long Blades    | 3 4 5 7 9 11 13 14 15 16 17 | 17.3
Fighting       | 4 5 6 8 9 11 13 14 15 | 15.6
Dodging        | 1 2 3 |  3.8
Invocations    | 2 3 |  3.7
Stealth        | 1 2 |  2.3
Evocations     | 1 |  1.0

Action                   |  1- 3 |  4- 6 |  7- 9 | 10-12 | 13-15 || total
-------------------------+-------+-------+-------+-------+-------++-------
Melee: Long sword        |   111 |   109 |   299 |   720 |  1622 ||  2861
       Headbutt          |    14 |    17 |    60 |   177 |   449 ||   717
       Scimitar          |       |       |       |    19 |    53 ||    72
Invok: Heroism           |       |       |    18 |     9 |    17 ||    44
Evoke: Wand              |       |       |     6 |     5 |       ||    11
  Use: Scroll            |     4 |       |     9 |    14 |     9 ||    36
       Potion            |       |       |     7 |       |     3 ||    10
 Stab: Distracted        |       |       |       |     1 |       ||     1
Armor: Scale mail        |    43 |       |       |       |       ||    43
       Plate armour      |    27 |   120 |   163 |   419 |  1058 ||  1787
Dodge: Dodged            |    49 |    38 |    86 |   205 |   482 ||   860
Block: Buckler           |    29 |    24 |    75 |     6 |       ||   134
       Kite shield       |       |       |       |   363 |  1217 ||  1580
